 Dungeon Crawl Stone Soup version 0.32-a0-329-ge6c31236d6 (webtiles) character file.

Game seed: 747405188590135337

2 jestert79 the Caller (level 1, -2/13 HPs)
             Began as a Merfolk Summoner on Feb 16, 2024.
             Slain by a quokka (3 damage)
             ... on level 1 of the Dungeon.
             The game lasted 00:02:50 (187 turns).

jestert79 the Caller (Merfolk Summoner)              Turns: 187, Time: 00:02:50

Health: -2/13      AC:  2    Str:  8    XL:     1   Next: 30%
Magic:  0/3        EV: 12    Int: 14    God:
Gold:   6          SH:  0    Dex: 14    Spells: 3/4 levels left

rFire   . . .        (no weapon)
rCold   . . .        (no shield)
rNeg    . . .        a - +0 robe
rPois   .            (no helmet)
rElec   .            (no cloak)
rCorr   .            (no gloves)
SInv    +            (no boots)
Will    .....        (no amulet)
Stlth   ++           d - ring of see invisible
HPRegen 0.22/turn    (no ring)
MPRegen 0.08/turn

%: no passive effects
@: no status effects
A: (nimble swimmer 2), mertail
a: no special abilities


You were on level 1 of the Dungeon.
You visited 1 branch of the dungeon, and saw 1 of its levels.

You collected 6 gold pieces.

Inventory:

Armour
 a - a +0 robe (worn)
Jewellery
 d - a ring of see invisible (left hand)
Scrolls
 c - 4 scrolls of identify {unknown}
Potions
 b - a potion of magic
 e - a potion of resistance {unknown}


   Skills:
 - Level 2.7 Dodging
 + Level 2.2 Stealth
 - Level 2.0 Spellcasting
 + Level 4.0 Summonings


You had 3 spell levels left.
You knew the following spells:

 Your Spells              Type           Power      Damage    Failure   Level
a - Summon Small Mammal   Summ           48%        N/A       4%          1

Your spell library contained the following spells:

 Spells                   Type           Power      Damage    Failure   Level
 Call Imp                 Summ           24%        N/A       7%          2
 Call Canine Familiar     Summ           12%        N/A       14%         3
 Summon Blazeheart Golem  Fire/Summ      7%         N/A       71%         4
 Summon Lightning Spire   Summ/Air       7%         N/A       71%         4


Dungeon Overview and Level Annotations

Branches:
Dungeon (1/15)

Altars:


Innate Abilities, Weirdness & Mutations

((You are very nimble when in or above water. (Stealth+, EV+, Speed+++)))
Your lower body shifts to a powerful aquatic tail in water.


Message History

You swap places.
The quokka bites your rat but does no damage.
Your quokka bites the ball python.
Something closely misses your quokka.
Your rat bites the quokka but does no damage.
The quokka barely misses your rat.
Your quokka closely misses the ball python.
Something bites your quokka.
Your quokka dies!
Your quokka's corpse disappears in a puff of smoke!
Your rat bites the quokka.
Unknown command.
The quokka bites your rat.
Your rat dies!
Your rat's corpse disappears in a puff of smoke!
There is a staircase leading out of the dungeon here.
There is an escape hatch in the floor here.
The quokka attacks as it pursues you! The quokka bites you.
Casting: Summon Small Mammal (safe; 4% risk of failure)
Confirm with . or Enter, or press ? or * to list all spells.
The ball python closely misses your rat.
The ball python grabs your rat. The ball python constricts your rat.
The quokka bites you.
The ball python bites your rat but does no damage.
The ball python constricts your rat.
Unknown command.
You hit the quokka but do no damage.
The quokka is moderately wounded.
The quokka bites you but does no damage.
The ball python bites your rat.
Your rat dies!
Your rat's corpse disappears in a puff of smoke!
Unknown command.
You hit the quokka.
The quokka is severely wounded.
The quokka bites you.
* * * LOW HITPOINT WARNING * * *
Unknown command.
Unknown command.
The quokka bites you.
You die...

..###.###.## #.# #...#.##
.........J.# #.# #r.r#...
#.# #.# #.#..... ###.## #.#
#.#....# #....#
#.#####.#l..##
#....##########.............
#....#...........####.#r####
#....#...........# #.#..S..
#....#.....@r....# #.#####l
#....#..†....S...# #...S.'.
#................#####.####.
###'#.............><...# #.
#.#............####### #.
#.#............# ##
#.#.#####.###### #(#...# #.#
#.#...# #.#


You could see a quokka and a ball python.

Vanquished Creatures (collateral kills)
  A hobgoblin (D:1)
1 creature vanquished.

Notes
Turn   | Place    | Note
-------+----------+-------------------------------------------
     0 | D:1      | jestert79 the Merfolk Summoner began the quest for the Orb.
     0 | D:1      | Reached XP level 1. HP: 13/13 MP: 3/3
   187 | D:1      | Slain by a quokka

Illustrated notes

Levels and vault maps discovered:
D:1:      dpeg_arrival_tiny_i, layout_basic, grunt_decor_resistance,
          minmay_misc_feat_chi, kennysheep_small_spiral

Action                     || total
---------------------------++-------
  Melee: Unarmed           ||     3
   Cast: Summon Small Mamm ||     8
 Armour: Robe              ||     6
  Dodge: Dodged            ||     3

Table legend: (Time is in decaauts)
 A = Elapsed time spent in this place.
 B = Non-inter-level travel time spent in this place.
 C = Inter-level travel time spent in this place.
 D = Time resting spent in this place.
 E = Time spent auto-exploring this place.
 F = Levels seen in this place.
 G = Mean time per level.
                   A        B        C        D        E       F      G
               +--------+--------+--------+--------+--------+-----+--------+
         Total |    186 |    186 |      0 |     21 |      0 |   1 |  186.0 |
       Dungeon |    186 |    186 |      0 |     21 |      0 |   1 |  186.0 |
               +--------+--------+--------+--------+--------+-----+--------+

Top non-repeatable levels by time:
     D:1: 186 daAuts
